 Dungeon Crawl Stone Soup version 0.29.1-15-g9cfb28693d (webtiles) character file.

Game seed: 7953536001710478419

0 Coron the Shield-Bearer (level 1, 0/19 HPs)
             Began as a Meteoran Fighter on Mar 24, 2023.
             Was a Follower of Zin.
             Slain by a gnoll
             ... wielding a +0 club
              (4 damage)
             ... on level 1 of the Dungeon.
             The game lasted 00:00:25 (44 turns).

Coron the Shield-Bearer (Meteoran Fighter)            Turns: 44, Time: 00:00:27

Health: 0/19       AC:  6    Str: 17    XL:     1   Next: 0%
Magic:  2/2        EV:  9    Int:  9    God:    Zin [*.....]
Gold:   6          SH:  5    Dex: 13    Spells: 0/0 levels left

rFire   . . .      SeeInvis .   a - +0 war axe
rCold   . . .      Faith    .   c - +0 buckler
rNeg    . . .      Spirit   .   b - +0 scale mail
rPois   .          Reflect  .   (no helmet)
rElec   .          Harm     .   (no cloak)
rCorr   .          Rampage  .   (no gloves)
Will    .....                   (no boots)
Stlth   ..........              (no amulet)
HPRegen 0.06/turn               (no ring)
MPRegen 0.08/turn               (no ring)

@: glowing
A: sense surroundings 1, otherworldly, glowing, explore regen
a: Renounce Religion, Recite, Donate Gold


You were on level 1 of the Dungeon.
You worshipped Zin.
Zin was aware of your devotion.
You visited 1 branch of the dungeon, and saw 1 of its levels.

You collected 6 gold pieces.

Inventory:

Hand Weapons
 a - a +0 war axe (weapon)
Armour
 b - a +0 scale mail (worn)
 c - a +0 buckler (worn)
Potions
 d - a potion of might


   Skills:
 + Level 3.2 Fighting
 + Level 2.4 Axes
 + Level 3.6 Armour
 + Level 3.6 Shields


You couldn't memorise any spells.
You didn't know any spells.
Your spell library was empty.

Dungeon Overview and Level Annotations

Branches:
Dungeon (1/15) Zot: 552

Altars:
Zin


Innate Abilities, Weirdness & Mutations

You passively map a small area around you.
You are easily found by Zot.
You glow in the dark.
You regain HP and MP as you explore.


Message History

You open the door.
Found 6 gold pieces.
There is an open door here.
You now have 6 gold pieces.
Found a ring mail.
Found a faded altar of an unknown god.
There is a faded altar of an unknown god here.
You cannot tell which god this altar belongs to.
Convert to them anyway?
Zin accepts your prayer! Zin welcomes you!
You can now donate money to Zin.
You can now recite Zin's Axioms of Law.
Okay, then.
A gnoll comes into view. It is wielding a +0 club.
Found 6 gold pieces.
The gnoll shouts!
You hear a shout!
A hobgoblin comes into view.
The hobgoblin shouts!
The gnoll hits you but does no damage. You block the hobgoblin's attack.
You closely miss the gnoll. You barely miss the hobgoblin.
You block the hobgoblin's attack. You block the gnoll's attack.
You hit the gnoll.
The gnoll is lightly wounded.
You hit the hobgoblin but do no damage. The hobgoblin closely misses you.
The gnoll hits you with a +0 club.
You slash the gnoll!
The gnoll is severely wounded.
You barely miss the hobgoblin. You block the hobgoblin's attack.
The gnoll hits you with a +0 club. The hobgoblin hits you.
The gnoll barely misses you.
You closely miss the gnoll.
The gnoll is severely wounded.
You closely miss the hobgoblin. The hobgoblin hits you.
The gnoll hits you but does no damage.
You closely miss the gnoll.
The gnoll is severely wounded.
You hit the hobgoblin.
You kill the hobgoblin!
The gnoll hits you with a +0 club.
* * * LOW HITPOINT WARNING * * *
The gnoll hits you with a +0 club.
You die...

, * , , ,.####
....* ..$* *
.####..####### *
............. , , ,
...........##### ,
.........g.'.... ,
, , ,........@†.#
#.# * **
*........#### #.#
......#...# #.#
*..... #...# #.#
##### *.###**#...#
#.# #.'..
#...######.## #.##.
, ##...##......#
#.### ,
##.._.[##.....###.#
# ,
#...♣...##........#


You could see a gnoll.

Vanquished Creatures
  A hobgoblin (D:1)
1 creature vanquished.

Notes
Turn   | Place    | Note
-------+----------+-------------------------------------------
     0 | D:1      | Coron the Meteoran Fighter began the quest for the Orb.
     0 | D:1      | Reached XP level 1. HP: 19/19 MP: 2/2
    22 | D:1      | Found a faded altar of an unknown god.
    30 | D:1      | Prayed at the altar of an unknown god.
    30 | D:1      | Became a worshipper of Zin the Law-Giver
    30 | D:1      | Reached * piety under Zin
    44 | D:1      | Slain by a gnoll

Illustrated notes

Levels and vault maps discovered:
D:1:      mrwooster_arrival_arrow, layout_basic,
          hellmonk_ecumenical_altar_crossroads

Action                   || total
-------------------------++-------
Melee: War axe           ||     5
Armor: Scale mail        ||     2
Dodge: Dodged            ||     2
Block: Buckler           ||     4
